 Dungeon Sprint DCSS version 0.29-a0-870-g2c972031a6 (webtiles) character file.

Game seed: 11855991864228888109

5772 mhtbhm the Protected (level 10, 0/72 HPs)
             Began as a Gargoyle Fighter on July 17, 2022.
             Was a High Priest of Okawaru.
             Slain by a boulder beetle (33 damage)
             ... in the Dungeon (Sprint IX: "|||||||||||||||||||||||||||||").
             The game lasted 00:02:34 (1115 turns).

mhtbhm the Protected (Gargoyle Fighter)             Turns: 1115, Time: 00:02:35

Health: 0/72       AC: 43    Str: 24    XL:     10   Next: 78%
Magic:  18/18      EV:  6    Int:  9    God:    Okawaru [*****.]
Gold:   0          SH:  6    Dex:  9    Spells: 9/9 levels left

rFire   + . .      SeeInvis +   a - +0 flail
rCold   . . .      Faith    .   c - +0 buckler
rNeg    + + .      Spirit   .   b - +6 crystal plate armour of Dim Light {-Cast rF+ rN+ SInv}
rPois   ∞          Reflect  .   (no helmet)
rElec   +          Harm     .   n - +0 cloak
rCorr   .          Rampage  .   (no gloves)
Will    .....      NoTele   +   m - +0 pair of boots
Stlth   .......... NoCast   +   (no amulet)
HPRegen 0.22/turn               o - +2 ring of protection
MPRegen 0.16/turn               p - +2 ring of protection

@: hasted, very quick
A: sickness immunity, AC +7, negative energy resistance 1, electricity
resistance, torment resistance 1, petrification resistance
a: Renounce Religion, Heroism, Finesse


You were in the Dungeon.
You worshipped Okawaru.
Okawaru was extremely pleased with you.
You visited 1 branch

Inventory:

Hand Weapons
 a - a +0 flail (weapon)
Armour
 b - the +6 crystal plate armour of Dim Light (worn) {-Cast rF+ rN+ SInv}
   (Okawaru gifted it to you in the Dungeon)

   rF:        It protects you from fire.
   rN:        It protects you from negative energy.
   SInv:      It lets you see invisible.
   -Cast:     It prevents spellcasting.
 c - a +0 buckler (worn)
 m - a +0 pair of boots (worn)
 n - a +0 cloak (worn)
Jewellery
 o - a +2 ring of protection (left hand)
 p - a +2 ring of protection (right hand)
Scrolls
 j - 2 scrolls of blinking
 k - 2 scrolls of amnesia
 s - 2 scrolls of fear
 t - a scroll of identify
 u - 2 scrolls of enchant armour
 v - a scroll of fog
Potions
 d - a potion of might
 e - 7 potions of curing
 f - a potion of heal wounds
 h - 4 potions of magic
 i - a potion of invisibility
 q - a potion of mutation
 r - 2 potions of brilliance


   Skills:
 + Level 12.5 Fighting
 + Level 12.4 Maces & Flails
 + Level 13.5 Armour
 + Level 4.0 Dodging
 + Level 10.6 Shields
 * Level 11.2 Invocations
 + Level 4.2 Evocations


You had 9 spell levels left.
You didn't know any spells.
Your spell library was empty.

Dungeon Overview and Level Annotations

Branches:
Dungeon (1/1)

Altars:
Cheibriados
Dithmenos
Elyvilon
Fedhas
Gozag
Hepliaklqana
Kikubaaqudgha
Makhleb
Nemelex Xobeh
Okawaru
Qazlal
Ru
Sif Muna
Trog
Uskayaw
Vehumet
Wu Jian
Xom
Yredelemnul
Zin
The Shining One
Jiyva
Lugonu


Innate Abilities, Weirdness & Mutations

You are immune to sickness and miasma.
Your stone body is resilient. (AC +7)
You are immune to poison.
You resist negative energy. (rN+)
You are resistant to electric shocks. (rElec)
You are resistant to unholy torment.
You are immune to petrification.


Message History

The boulder beetle is severely wounded.
The cane toad stings you but does no damage.
The boulder beetle bites you!
* * * LOW HITPOINT WARNING * * *
You hit the boulder beetle.
The boulder beetle is severely wounded.
The cane toad stings you but does no damage.
You hit the boulder beetle but do no damage.
The boulder beetle is severely wounded.
The boulder beetle leaps!
You feel much better.
The cane toad stings you but does no damage.
You barely miss the cane toad.
The cane toad is lightly wounded.
The cane toad barely misses you.
You sock the cane toad!
The cane toad is heavily wounded.
You hit the cane toad but do no damage.
The cane toad is heavily wounded.
The cane toad stings you but does no damage.
You hit the cane toad.
The cane toad is heavily wounded.
The cane toad stings you but does no damage.
You hit the cane toad.
The cane toad is severely wounded.
The boulder beetle curls into a ball and begins rolling!
You barely miss the cane toad.
The cane toad is severely wounded.
The cane toad stings you!
You barely miss the cane toad.
The cane toad is severely wounded.
The cane toad stings you but does no damage.
You sock the cane toad!
The cane toad is almost dead.
You sock the cane toad!
You kill the cane toad!
Okawaru is honoured by your kill.
Unknown command.
The boulder beetle hits you!!
You die...

▓▓▓▓▓▓▓▓▓▓▓▓▓▓▓▓▓▓▓▓▓▓▓▓▓
.)...÷÷[÷...°°°B@.YS.hF..
▓▓▓▓▓▓▓▓▓▓▓▓▓▓▓▓▓▓▓▓▓▓▓▓▓▓▓▓▓▓▓▓▓
.................................
▓▓▓▓▓▓▓▓▓▓▓▓▓▓▓▓▓▓▓▓▓▓▓▓▓▓▓▓▓▓▓▓▓
...'________________________'..).
▓▓▓▓▓▓▓▓▓▓▓▓▓▓▓▓▓▓▓▓▓▓▓▓▓▓▓▓▓▓▓▓▓


You could see a boulder beetle (rolling), an elephant, a polar bear, a cane toad
and a water moccasin.

Vanquished Creatures
  A centaur warrior (D)
  A death yak (D)
  A deep elf pyromancer (D)
  2 cyclopes (D)
  An elephant (D)
  2 cane toads (D)
  A black mamba (D)
  2 trolls (D)
  2 blink frogs (D)
  A yak (D)
  A vampire mosquito (D)
  2 basilisks (D)
  A water moccasin (D)
  An acid dragon (D)
  An orc warrior (D)
  A black bear (D)
  An ogre (D)
  3 bullfrogs (D)
  A scorpion (D)
  2 howler monkeys (D)
  An orc (D)
  An endoplasm (D)
  2 hobgoblins (D)
  A quokka (D)
  2 rats (D)
35 creatures vanquished.

Notes
Turn   | Place    | Note
-------+----------+-------------------------------------------
     0 | D        | mhtbhm the Gargoyle Fighter began the quest for the Orb.
     0 | D        | Reached XP level 1. HP: 14/14 MP: 1/1
    19 | D        | Reached skill level 4 in Armour
   172 | D        | Noticed a howler monkey
   172 | D        | Noticed a scorpion
   172 | D        | Noticed an ogre
   176 | D        | Reached XP level 2. HP: 20/20 MP: 2/2
   180 | D        | Killed a howler monkey
   181 | D        | Reached skill level 5 in Fighting
   181 | D        | Reached skill level 5 in Armour
   181 | D        | Reached skill level 1 in Dodging
   181 | D        | Reached XP level 3. HP: 26/26 MP: 3/3
   185 | D        | Killed a scorpion
   186 | D        | Reached skill level 6 in Armour
   186 | D        | Reached skill level 5 in Shields
   186 | D        | Reached XP level 4. HP: 32/32 MP: 4/4
   190 | D        | Killed an ogre
   191 | D        | Reached skill level 5 in Maces & Flails
   191 | D        | Reached skill level 7 in Armour
   191 | D        | Reached XP level 5. HP: 38/38 MP: 5/5
   363 | D        | Found a snail-covered altar of Cheibriados.
   363 | D        | Found a shadowy altar of Dithmenos.
   363 | D        | Found a white marble altar of Elyvilon.
   363 | D        | Found a blossoming altar of Fedhas.
   363 | D        | Found an opulent altar of Gozag.
   364 | D        | Found a hazy altar of Hepliaklqana.
   365 | D        | Found a viscous altar of Jiyva.
   366 | D        | Found an ancient bone altar of Kikubaaqudgha.
   367 | D        | Found a corrupted altar of Lugonu.
   368 | D        | Found a burning altar of Makhleb.
   369 | D        | Found a sparkling altar of Nemelex Xobeh.
   370 | D        | Found an iron altar of Okawaru.
   371 | D        | Found a stormy altar of Qazlal.
   372 | D        | Found a sacrificial altar of Ru.
   373 | D        | Found a shimmering blue altar of Sif Muna.
   374 | D        | Found a bloodstained altar of Trog.
   375 | D        | Found a hide-covered altar of Uskayaw.
   376 | D        | Found a radiant altar of Vehumet.
   377 | D        | Found an ornate altar of the Wu Jian Council.
   378 | D        | Became a worshipper of Warmaster Okawaru
   379 | D        | Found a shimmering altar of Xom.
   380 | D        | Found a basalt altar of Yredelemnul.
   381 | D        | Found a glowing silver altar of Zin.
   382 | D        | Found a glowing golden altar of the Shining One.
   439 | D        | Noticed a troll
   439 | D        | Noticed a troll
   439 | D        | Noticed an acid dragon
   439 | D        | Noticed a yak
   439 | D        | Noticed an orc warrior
   441 | D        | Killed an acid dragon
   441 | D        | Killed an orc warrior
   441 | D        | Reached * piety under Okawaru
   442 | D        | Reached skill level 8 in Armour
   442 | D        | Reached XP level 6. HP: 45/45 MP: 5/8
   442 | D        | Killed a troll
   442 | D        | Reached ** piety under Okawaru
   442 | D        | Killed a yak
   443 | D        | Reached skill level 9 in Armour
   443 | D        | Reached skill level 5 in Invocations
   443 | D        | Reached skill level 1 in Evocations
   443 | D        | Reached XP level 7. HP: 51/51 MP: 5/11
   448 | D        | Killed a troll
   449 | D        | Reached skill level 10 in Armour
   449 | D        | Reached XP level 8. HP: 53/57 MP: 5/12
   497 | D        | Noticed a deep elf pyromancer
   497 | D        | Noticed a cyclops
   497 | D        | Noticed a cyclops
   497 | D        | Noticed a centaur warrior
   499 | D        | Reached *** piety under Okawaru
   500 | D        | Reached skill level 10 in Fighting
   501 | D        | Killed a deep elf pyromancer
   501 | D        | Killed a cyclops
   501 | D        | Reached **** piety under Okawaru
   501 | D        | Killed a centaur warrior
   502 | D        | Reached skill level 10 in Maces & Flails
   502 | D        | Reached skill level 12 in Armour
   502 | D        | Reached XP level 9. HP: 58/64 MP: 12/15
   505 | D        | Killed a cyclops
   505 | D        | Reached ***** piety under Okawaru
   633 | D        | Noticed a black mamba
   634 | D        | Noticed a cane toad
   645 | D        | Noticed an elephant
   661 | D        | Killed a black mamba
   662 | D        | Reached skill level 10 in Shields
   662 | D        | Reached XP level 10. HP: 43/71 MP: 17/17
   663 | D        | Reached skill level 10 in Invocations
   665 | D        | Identified the +6 crystal plate armour of Dim Light {-Cast
                  | rF+ rN+ SInv} (Okawaru gifted it to you in the Dungeon)
   665 | D        | Received a gift from Okawaru
   669 | D        | Killed a cane toad
   670 | D        | Reached skill level 13 in Armour
   683 | D        | Killed an elephant
  1043 | D        | Noticed a death yak
  1043 | D        | Noticed a boulder beetle
  1043 | D        | Noticed a cane toad
  1043 | D        | Noticed an elephant
  1063 | D        | Killed a death yak
  1071 | D        | Noticed a cane toad
  1114 | D        | Killed a cane toad
  1115 | D        | Slain by a boulder beetle

Illustrated notes

Levels and vault maps discovered:
D:        linesprint [early_d, line_temple, items_1, d_10, items_2, lair_1,
          lair_end, items_3, orc_1, orc_end, items_4, d_15, swamp_1, shoals_1,
          snake_1, spider_1, d_20, vaults_1, items_5, swamp_end, shoals_end,
          snake_end, spider_end, vaults_end, d_27, items_6, zot_1, zot_end,
          crypt_end, forest_end, elf_end, slime_end, tomb_end, abyss_end,
          pan_hell_end]

Skill      XL: |  1  2  3  4  5  6  7  8  9 10 |
---------------+-------------------------------+-----
Armour         | 4 5 6 7 8 9 10 12 13 | 13.5
Fighting       | 4 5 6 7 8 9 11 12 | 12.5
Maces & Flails | 3 4 5 6 7 8 10 12 | 12.4
Dodging        | 1 2 3 4 |  4.0
Shields        | 4 5 6 7 8 9 10 | 10.6
Invocations    | 3 5 6 9 11 | 11.2
Evocations     | 1 3 4 |  4.2

Action                   |  1- 3 |  4- 6 |  7- 9 | 10-12 || total
-------------------------+-------+-------+-------+-------++-------
Melee: Flail             |    29 |     5 |    29 |    95 ||   158
Evoke: Wand              |       |     3 |     6 |     1 ||    10
  Use: Potion            |     1 |       |     3 |     3 ||     7
Armor: Scale mail        |     6 |     1 |    42 |    12 ||    61
       Crystal plate arm |       |       |       |    33 ||    33
Dodge: Dodged            |    15 |     1 |    23 |    18 ||    57
Block: Buckler           |     2 |     1 |    19 |    16 ||    38

Table legend: (Time is in decaauts)
 A = Elapsed time spent in this place.
 B = Non-inter-level travel time spent in this place.
 C = Inter-level travel time spent in this place.
 D = Time resting spent in this place.
 E = Time spent auto-exploring this place.
 F = Levels seen in this place.
 G = Mean time per level.
                   A        B        C        D        E       F      G
               +--------+--------+--------+--------+--------+-----+--------+
         Total |   1096 |   1096 |      0 |    679 |      5 |   1 | 1096.0 |
       Dungeon |   1096 |   1096 |      0 |    679 |      5 |   1 | 1096.0 |
               +--------+--------+--------+--------+--------+-----+--------+

Top non-repeatable levels by time:
       D: 1096 daAuts
